 Dungeon Crawl Stone Soup version 0.23-a0-516-g0f8c245 (webtiles) character file.

118 zishaf the Firebug (level 4, -3/24 HPs)
             Began as a Deep Elf Fire Elementalist on Dec 5, 2018.
             Slain by a bullfrog (6 damage)
             ... on level 6 of the Dungeon.
             The game lasted 00:05:45 (2314 turns).

zishaf the Firebug (Deep Elf Fire Elementalist)     Turns: 2314, Time: 00:05:46

Health: -3/24      AC:  2    Str:  5    XL:     4   Next: 72%
Magic:  4/10       EV: 13    Int: 21    God:
Gold:   110        SH:  0    Dex: 15    Spells: 3/9 levels left

rFire    . . .     SeeInvis .   a - +0 mace
rCold    . . .     Gourm    .   (no shield)
rNeg     . . .     Faith    .   d - +0 robe
rPois    .         Spirit   .   (no helmet)
rElec    .         Reflect  .   (no cloak)
rCorr    .         Harm     .   (no gloves)
MR       .....                  (no boots)
Stlth    ++........             n - amulet of inaccuracy (curse)
HPRegen  0.08/turn              (no ring)
MPRegen  0.12/turn              (no ring)

@: very slightly contaminated
A: no striking features
a: no special abilities


You were on level 6 of the Dungeon.
You were not hungry.

You visited 1 branch of the dungeon, and saw 4 of its levels.

You collected 110 gold pieces.

Inventory:

Hand Weapons
 a - a +0 mace (weapon)
 e - a +0 hunting sling
Armour
 d - a +0 robe (worn)
Jewellery
 n - a cursed amulet of inaccuracy (around neck)
Scrolls
 i - 2 scrolls of teleportation {unknown}
 j - a scroll of identify {unknown}
 k - a scroll of fog {unknown}
 o - a scroll of magic mapping {unknown}
 p - a scroll of enchant weapon {unknown}
Potions
 b - a potion of mutation {unknown}
 f - a potion of ambrosia {unknown}
 g - a potion of invisibility {unknown}
 h - a potion of haste {unknown}
 m - a potion of might {unknown}
 q - 2 potions of curing {unknown}
Comestibles
 c - 5 rations
 l - 9 chunks of flesh


   Skills:
 + Level 3.3 Dodging
 - Level 3.0 Stealth
 - Level 3.0 Spellcasting
 * Level 3.1 Conjurations
 * Level 4.4 Fire Magic


You had 3 spell levels left.
You knew the following spells:

 Your Spells              Type           Power        Failure   Level  Hunger
a - Flame Tongue          Conj/Fire      ###..        2%          1    None
b - Throw Flame           Conj/Fire      ###...       4%          2    ##.....
c - Conjure Flame         Conj/Fire      ###.....     9%          3    ###....

Your spell library contained the following spells:

 Spells                   Type           Power        Failure   Level  Hunger
 Inner Flame              Hex/Fire       ##......     16%         3    ###....
 Sticky Flame             Conj/Fire      ###.....     26%         4    ####...
 Fireball                 Conj/Fire      ###.......   58%         5    ######.


Dungeon Overview and Level Annotations

Branches:
Dungeon (3/15)

Altars:
Gozag
Trog


Message History

Aim: a bullfrog The flame tongue misses the bullfrog.
The bullfrog hits you! The bullfrog misses you.
Casting: Flame Tongue (safe; 2% risk of failure)
Confirm with . or Enter, or press ? or * to list all spells.
Aiming: Flame Tongue (safe; 2% risk of failure)
Press: ? - help, Shift-Dir - straight line, f/p - bullfrog
Aim: a bullfrog You miscast Flame Tongue.
Sparks fly from your hands! The bullfrog hits you!
Casting: Flame Tongue (safe; 2% risk of failure)
Confirm with . or Enter, or press ? or * to list all spells.
Aiming: Flame Tongue (safe; 2% risk of failure)
Press: ? - help, Shift-Dir - straight line, f/p - bullfrog
Aim: a bullfrog The flame tongue hits the bullfrog.
The bullfrog is lightly wounded.
The bullfrog hits you!
* * * LOW HITPOINT WARNING * * *
The bullfrog hits you.
You die... .############# .......F@....# .###########.#

You could see a bullfrog.

Vanquished Creatures
  4 gnolls (D:3)
  An adder (D:2)
  An ooze (D:2)
  2 dart slugs
  2 leopard geckos
  2 giant cockroaches (D:1)
  11 goblins
  7 hobgoblins
  7 jackals (D:2)
  8 kobolds
  A ball python (D:2)
  2 bats
  3 frilled lizards
  8 rats
59 creatures vanquished.

Notes
Turn   | Place    | Note
-------+----------+-------------------------------------------
     0 | D:1      | zishaf the Deep Elf Fire Elementalist began the quest for
                  | the Orb.
     0 | D:1      | Reached XP level 1. HP: 10/10 MP: 6/6
   340 | D:1      | Reached XP level 2. HP: 15/15 MP: 6/8
   351 | D:1      | Learned a level 2 spell: Throw Flame
   653 | D:1      | Reached XP level 3. HP: 19/19 MP: 4/9
   900 | D:2      | Noticed an ice beast
   932 | D:2      | Learned a level 3 spell: Conjure Flame
   942 | D:2      | Found a bloodstained altar of Trog.
  1101 | D:2      | Reached skill level 4 in Fire Magic
  1649 | D:2      | Reached XP level 4. HP: 22/24 MP: 2/10
  2266 | D:3      | Found an opulent altar of Gozag.
  2306 | D:3      | You fall through a shaft for 3 floors!
  2306 | D:6      | Noticed a bullfrog
  2314 | D:6      | Slain by a bullfrog

Vault maps used:
D:1:      dpeg_arrival_morbid_curiosity
D:2:      trog_three_pillars_becter
D:3:      nicolae_gozag_seed_capital, gammafunk_temple_overflow_elements,
          minmay_door_square, kennysheep_doodads, kennysheep_generic_room_9,
          uniq_sigmund
D:6:      uniq_pikel

Skill      XL: |  1  2  3  4 |
---------------+-------------+-----
Stealth        | 3 |  3.0
Conjurations   | 2 3 |  3.1
Fire Magic     | 4 |  4.4
Dodging        | 3 |  3.3
Spellcasting   | |  3.0

Action                   |  1- 3 |  4- 6 || total
-------------------------+-------+-------++-------
Melee: Mace              |     7 |    13 ||    20
 Cast: Flame Tongue      |    88 |    29 ||   117
       Throw Flame       |     2 |     1 ||     3
       Conjure Flame     |     1 |       ||     1
  Eat: Chunk             |     2 |     2 ||     4
Armor: Robe              |    10 |     4 ||    14
Dodge: Dodged            |    24 |    23 ||    47

Table legend:
 A = Non-vault XP
 B = Vault XP
 C = Vault XP percentage of total XP
 D = Non-vault monster count
 E = Vault monster count
 F = Vault count percentage of total count
                 A         B        C        D         E       F
            +---------+---------+-------+---------+---------+-------
      Total |     160 |       9 |   5.3 |      54 |       5 |   8.5
            +---------+---------+-------+---------+---------+-------
        D:1 |      39 |       9 |  18.8 |      21 |       5 |  19.2
        D:2 |      64 |       0 |   0.0 |      28 |       0 |   0.0
        D:3 |      57 |       0 |   0.0 |       5 |       0 |   0.0
            +---------+---------+-------+---------+---------+-------
